 Dungeon Crawl Stone Soup version 0.30.1-3-gfc49f6343a (webtiles) character file.

Game seed: 13646824088464753105

6032 Almogavar the Destroyer (level 10, -2/69 HPs)
             Began as a Grey Draconian Conjurer on July 30, 2023.
             Was an Elder of Sif Muna.
             Slain by an orc knight
             ... wielding a +0 trident
              (19 damage)
             ... in a bailey on July 31, 2023.
             The game lasted 00:59:13 (11576 turns).

Almogavar the Destroyer (Grey Draconian Conjurer)  Turns: 11576, Time: 00:59:13

Health: -2/69      AC: 14    Str:  9    XL:     10   Next: 56%
Magic:  10/31      EV: 13    Int: 23    God:    Sif Muna [****..]
Gold:   535        SH:  0    Dex: 10    Spells: 8/26 levels left

rFire   . . .        y - +9 staff of Olgreb {rPois∞}
rCold   . . .        (no shield)
rNeg    . . .        (body armour unavailable)
rPois   ∞            (helmet restricted)
rElec   .            x - +0 cloak
rCorr   .            p - +0 pair of gloves
SInv    .            (no boots)
Will    .....        (no amulet)
Stlth   +++          t - ring of magical power
HPRegen 0.31/turn    v - ring of wizardry
MPRegen 0.22/turn

%: wizardry (x1)
@: no status effects
A: AC +12, amphibious, unfitting armour, cold-blooded
a: Renounce Religion, Evoke the Staff of Olgreb, Channel Magic, Forget Spell,
Divine Exegesis


You were in a bailey.
You worshipped Sif Muna.
Sif Muna was greatly pleased with you.
You visited 1 branch of the dungeon, and saw 9 of its levels.
You also visited: Sewer and Bailey.

You collected 535 gold pieces.

Inventory:

Hand Weapons
 a - a +2 dagger of freezing
 w - a +3 quarterstaff of chaos
 y - the +9 staff of Olgreb (weapon) {rPois∞}
   (You found it on level 7 of the Dungeon)

   It enhances your poison magic.
   It grants immunity to poison.
   It can be activated via the 'a'bility menu to radiate toxic energy, with
   effectiveness depending on Evocations skill.
Missiles
 B - a throwing net
Armour
 p - a +0 pair of gloves (worn)
 x - a +0 cloak (worn)
Jewellery
 b - a +4 ring of protection
 l - a ring of magical power
 t - a ring of magical power (left hand)
 v - a ring of wizardry (right hand)
Wands
 h - a wand of charming (11)
 m - a wand of roots (6)
Scrolls
 d - a scroll of fear
 i - 4 scrolls of amnesia
 n - a scroll of enchant armour
 o - a scroll of blinking
 s - a scroll of enchant weapon
 C - a scroll of poison
Potions
 c - a potion of heal wounds
 f - 2 potions of curing
 g - a potion of haste
 j - a potion of berserk rage
 k - 2 potions of resistance
 q - 2 potions of flight
 r - a potion of ambrosia {unknown}
 u - 2 potions of brilliance {unknown}
 z - a potion of cancellation {unknown}
 A - 10 potions of degeneration
 D - a potion of might {unknown}


   Skills:
 - Level 0.1 Fighting
 + Level 1.4 Short Blades
 + Level 5.3 Dodging
 + Level 5.3 Stealth
 + Level 8.5 Spellcasting
 + Level 10.1 Conjurations
 * Level 6.5 Earth Magic
 + Level 0.1 Evocations


You had 8 spell levels left.
You knew the following spells:

 Your Spells              Type           Power      Damage    Failure   Level
a - Magic Dart            Conj           100%       1d8       1%          1
b - Searing Ray           Conj           100%       2d8       1%          2
c - Dazzling Flash        Conj/Hex       66%        N/A       1%          3
d - Passwall              Tmut/Erth      20%        N/A       1%          2
e - Iskenderun's Mystic   Conj/Tloc      33%        2d8       3%          4
f - Mephitic Cloud        Conj/Pois/Air  38%        N/A       1%          3
g - Ignite Poison         Fire/Tmut/Pois 14%        N/A       9%          3

Your spell library contained the following spells:

 Spells                   Type           Power      Damage    Failure   Level
 Sandblast                Erth           78%        2d17      1%          1
 Shock                    Conj/Air       100%       1d9       1%          1
 Stone Arrow              Conj/Erth      96%        3d13      1%          3
 Apportation              Tloc           18%        N/A       2%          1
 Beastly Appendage        Tmut           18%        N/A       2%          1
 Fulminant Prism          Conj/Hex       16%        3d11      3%          4
 Sticky Flame             Conj/Fire      33%        2d5       3%          4
 Call Imp                 Summ           18%        N/A       4%          2
 Ensorcelled Hibernation  Hex/Ice        18%        N/A       4%          2
 Wereblood                Tmut           9%         N/A       4%          2
 Leda's Liquefaction      Hex/Erth       12%        N/A       7%          4
 Call Canine Familiar     Summ           9%         N/A       9%          3
 Portal Projectile        Hex/Tloc       18%        N/A       9%          3
 Spider Form              Tmut/Pois      14%        N/A       9%          3
 Swiftness                Air            9%         N/A       9%          3
 Airstrike                Air            4%         2d(1-17)  26%         4
 Alistair's Intoxication  Tmut/Pois      9%         N/A       56%         5
 Summon Forest            Summ/Tloc      4%         N/A       56%         5
 Summon Mana Viper        Hex/Summ       9%         N/A       56%         5
 Summon Cactus Giant      Summ           4%         N/A       98%         6
 Ignition                 Fire           4%         3d4       100%        8
 Chain Lightning          Conj/Air       16%        3d22      100%        9
 Fire Storm               Conj/Fire      16%        8d4       100%        9
 Shatter                  Erth           19%        3d18*     100%        9


Dungeon Overview and Level Annotations

Branches:
Dungeon (9/15)             Temple (0/1) D:5            Lair (0/5) D:8
    Orc (0/2) D:9           Sewer (visited)          Bailey (1/1)

Altars:
Ashenzari
Hepliaklqana
Kikubaaqudgha
Makhleb
Sif Muna
Trog
Uskayaw
Wu Jian
Zin

Shops:
D:5 !

Annotations:
D:7 1 runed translucent door


Innate Abilities, Weirdness & Mutations

Your dull iron-grey scales are very hard. (AC +12)
You are amphibious.
You cannot fit into any form of body armour.
You are cold-blooded and may be slowed by cold attacks.


Message History

The searing ray hits the orc knight.
The orc knight is lightly wounded.
The searing ray hits the orc warrior but does no damage.
The orc warrior is heavily wounded.
You finish channelling your searing ray.
The orc warrior hits you from afar with a +0 glaive!!
The orc knight hits the orc warrior with a +0 trident!
You begin to radiate toxic energy.
You kill the orc warrior!
Sif Muna accepts your kill.
The orc knight is poisoned.
Unknown command.
The orc knight looks even sicker.
Your toxic aura wanes.
The orc knight seems less confused.
The orc knight hits you from afar with a +0 trident!
Casting: Searing Ray (safe; 1% risk of failure)
Confirm with . or Enter, or press ? or * to list all spells.
Okay, then.
Casting: Searing Ray (safe; 1% risk of failure)
Confirm with . or Enter, or press ? or * to list all spells.
Casting: Dazzling Flash (safe; 1% risk of failure)
Press: ? - help, Dir - look around, f - activate Look: an orc knight, wielding a +0 trident and wearing a +0 scale mail (moderately wounded, very poisoned, chance to dazzle: 50%)
The orc knight is dazzled.
The orc knight closely misses you.
Casting: Dazzling Flash (safe; 1% risk of failure)
Confirm with . or Enter, or press ? or * to list all spells.
Aiming: Searing Ray (safe; 1% risk of failure)
Press: ? - help, Shift-Dir - straight line, f/p - orc knight
Aim: an orc knight, wielding a +0 trident and wearing a +0 scale mail (moderately wounded, blind, very poisoned, 79% to hit)
The searing ray hits the orc knight.
The orc knight is moderately wounded. (Press . to maintain the ray.)
The orc knight hits you but does no damage.
The searing ray misses the orc knight.
The orc knight hits you from afar with a +0 trident!
* * * LOW HITPOINT WARNING * * *
The searing ray misses the orc knight.
The orc knight hits you from afar with a +0 trident!!
You die...

♣♣♣♣♣♣♣♣ ♣♣......♣♣
♣.....o.@♣
#♣..∩).∩..♣#
#..........#
##..........##
###............#
♣♣............♣.#
#♣..♣.♣.......♣♣.##
#≈≈........).......♣♣
#≈≈≈....#....#......♣♣


You could see an orc knight (blind, poisoned).

Vanquished Creatures
  Pikel (D:5)
  Maggie (D:8)
  Prince Ribbit (D:7)
  Grinder (D:5)
  Sigmund (D:3)
  3 redbacks (D:7)
  3 water moccasins (D:7)
  A sky beast (D:8)
  5 orc warriors
  2 black bears
  An ogre (D:7)
  2 lemures (D:4)
  2 bullfrogs
  9 scorpions
  13 wights
  8 killer bees (D:7)
  A howler monkey (D:5)
  4 electric eels (D:8)
  2 jellies
  4 hounds
  Crazy Yiuf (D:5)
  5 orc priests
  A gnoll bouda (D:5)
  3 sleepcaps
  7 iguanas
  6 orc wizards
  18 adders
  16 gnolls
  3 river rats
  3 shadow imps
  A white imp (D:5)
  2 ufetubi (D:5)
  2 worms (D:3)
  3 dart slugs
  42 orcs
  2 bats
  6 endoplasms
  10 giant cockroaches
  12 goblins
  8 hobgoblins
  6 jackals (D:4)
  4 quokkas
  8 ball pythons
  5 frilled lizards
  7 kobolds
  9 rats
255 creatures vanquished.

Vanquished Creatures (others)
  A gnoll (D:4)
  A rat (D:1)
2 creatures vanquished.

Grand Total: 257 creatures vanquished

Notes
Turn   | Place    | Note
-------+----------+-------------------------------------------
     0 | D:1      | Almogavar the Draconian Conjurer began the quest for the
                  | Orb.
     0 | D:1      | Reached XP level 1. HP: 14/14 MP: 3/3
   344 | D:1      | Reached XP level 2. HP: 20/20 MP: 1/5
   645 | D:1      | Learned a level 2 spell: Searing Ray
  1388 | D:2      | Reached XP level 3. HP: 26/26 MP: 4/6
  2142 | D:3      | Noticed Sigmund
  2149 | D:3      | Killed Sigmund
  2150 | D:3      | Reached skill level 5 in Conjurations
  2150 | D:3      | Reached XP level 4. HP: 26/33 MP: 1/8
  2150 | D:3      | Reached XP level 5. HP: 30/38 MP: 1/9
  2541 | D:3      | Found a faded altar of an unknown god.
  2679 | D:3      | Reached XP level 6. HP: 41/45 MP: 6/10
  3124 | D:4      | Reached skill level 6 in Conjurations
  3179 | D:4      | Reached skill level 1 in Short Blades
  3255 | D:4      | Identified the +5 ring mail "Rupsio" {Str+3 Int+2}
  3294 | D:4      | Found a shimmering blue altar of Sif Muna.
  3303 | D:4      | Became a worshipper of Sif Muna the Loreminder
  3319 | D:4      | Found a broken altar of Ashenzari.
  3486 | D:4      | Learned a level 3 spell: Dazzling Flash
  3907 | D:4      | Your scales start taking on a dull iron-grey colour.
  3907 | D:4      | Reached XP level 7. HP: 46/50 MP: 5/12
  4004 | D:4      | Learned a level 2 spell: Passwall
  4064 | D:4      | Found an ancient bone altar of Kikubaaqudgha.
  4077 | D:4      | Found a burning altar of Makhleb.
  4415 | D:5      | Entered Level 5 of the Dungeon
  4426 | D:5      | Found a hide-covered altar of Uskayaw.
  4459 | D:5      | Noticed Pikel
  4558 | D:5      | Found a glowing drain.
  4558 | D:5      | Found Roeto's Distillery.
  4569 | Sewer    | Entered a sewer
  4823 | Sewer    | Reached * piety under Sif Muna
  5469 | D:5      | Found a staircase to the Ecumenical Temple.
  5612 | D:5      | Reached skill level 7 in Conjurations
  5643 | D:5      | Killed Pikel
  5644 | D:5      | Reached skill level 5 in Spellcasting
  5644 | D:5      | Reached XP level 8. HP: 16/57 MP: 16/16
  5952 | D:5      | You fall into a shaft and drop 3 floors!
  5971 | D:8      | Reached ** piety under Sif Muna
  5996 | D:8      | Reached skill level 1 in Earth Magic
  6186 | D:8      | Reached skill level 8 in Conjurations
  6270 | D:7      | Found a runed translucent gate.
  6271 | D:7      | Found a runed translucent door.
  6317 | D:7      | Found a runed translucent gate.
  6317 | D:7      | Found a runed translucent gate.
  6366 | D:7      | Found a runed translucent door.
  6374 | D:7      | Found the +9 staff of Olgreb {rPois∞}
  6979 | D:5      | Noticed Grinder
  6989 | D:5      | Killed Grinder
  6990 | D:5      | Reached XP level 9. HP: 53/62 MP: 18/18
  7107 | D:5      | Found a hazy altar of Hepliaklqana.
  7107 | D:5      | Found a bloodstained altar of Trog.
  7340 | D:5      | Found a runed translucent door.
  7341 | D:5      | Noticed Crazy Yiuf
  7351 | D:5      | Killed Crazy Yiuf
  7675 | D:6      | Learned a level 4 spell: Iskenderun's Mystic Blast
  7917 | D:6      | Found an ornate altar of the Wu Jian Council.
  8660 | D:7      | Reached skill level 9 in Conjurations
  8747 | D:7      | Noticed Prince Ribbit
  8754 | D:7      | Killed Prince Ribbit
  8754 | D:7      | Reached *** piety under Sif Muna
  8968 | D:7      | Reached skill level 5 in Stealth
  9356 | D:7      | Learned a level 3 spell: Mephitic Cloud
  9360 | D:7      | Learned a level 3 spell: Ignite Poison
  9576 | D:7      | Reached skill level 5 in Earth Magic
  9583 | D:7      | Reached XP level 10. HP: 66/69 MP: 17/21
  9815 | D:7      | Reached skill level 5 in Dodging
 10332 | D:8      | Identified the +0 robe "Goethrarr" {Drain rF++}
 10723 | D:8      | Noticed Maggie
 10737 | D:8      | Killed Maggie
 10738 | D:8      | Reached skill level 10 in Conjurations
 11000 | D:8      | Found a staircase to the Lair.
 11198 | D:8      | Found a glowing silver altar of Zin.
 11290 | D:9      | Found a flagged portal.
 11293 | D:9      | Reached **** piety under Sif Muna
 11311 | Bailey   | Entered a bailey
 11461 | Bailey   | Noticed an orc knight
 11576 | Bailey   | Slain by an orc knight

Illustrated notes

Levels and vault maps discovered:
D:1:      roderic_dead_forest, layout_basic, lemuel_flame_loot_1
D:2:      layout_basic, glass_columns_b
D:3:      layout_basic, hellmonk_ecumenical_altar_lost_god,
          chequers_serial_rivers_micro_b, uniq_sigmund
D:4:      layout_basic, nicolae_overflow_quartered_altars, minmay_bent
D:5:      layout_cave_pools, nicolae_uskayaw_dance_hall, jmf_multi_god_temple,
          minmay_temple_entry_ruins, serial_shops, nicolae_shop_stone,
          portal_sewer_entry_a, uniq_pikel, uniq_grinder,
          uniq_crazy_yiuf_cottage
D:6:      layout_basic, nzn_wu_jian_council_hall
D:7:      minmay_inner_zag, layout_layer_cave,
          minmay_guarded_unrand_staff_of_olgreb, uniq_prince_ribbit1
D:8:      layout_rooms, zin_statuary, chequers_big_river, uniq_maggie
D:9:      layout_irregular_city, erik_orc_1, enter_bailey_7, minmay_orc_keep
Bailey:   bailey_polearm_elven_captive_hellmonk, bailey

Skill      XL: |  1  2  3  4  5  6  7  8  9 10 |
---------------+-------------------------------+-----
Stealth        | 3 4 5 |  5.3
Dodging        | 2 4 5 |  5.3
Spellcasting   | 3 5 6 7 8 |  8.5
Conjurations   | 5 6 7 8 9 10 | 10.1
Short Blades   | 1 |  1.4
Earth Magic    | 2 5 6 |  6.5
Fighting       | |  0.1
Evocations     | |  0.1

Action                     |  1- 3 |  4- 6 |  7- 9 | 10-12 || total
---------------------------+-------+-------+-------+-------++-------
  Melee: Dagger            |    22 |    16 |     7 |       ||    45
         Tailslap          |     4 |     3 |       |       ||     7
         Staff             |       |       |       |     1 ||     1
   Cast: Magic Dart        |    45 |    61 |   186 |    46 ||   338
         Searing Ray       |     9 |    19 |    71 |    34 ||   133
         Mephitic Cloud    |       |       |       |     4 ||     4
         Ignite Poison     |       |       |       |     3 ||     3
         Dazzling Flash    |       |       |       |     1 ||     1
Ability: Evoke the Staff o |       |       |       |     1 ||     1
  Evoke: Wand              |       |     2 |       |       ||     2
    Use: Scroll            |     7 |     1 |    14 |     2 ||    24
         Potion            |       |       |     2 |     1 ||     3
   Stab: Sleeping          |     2 |     3 |       |       ||     5
 Armour: Skin              |    14 |     6 |    92 |    30 ||   142
  Dodge: Dodged            |    16 |    13 |   105 |    37 ||   171
